 Dungeon Crawl Stone Soup version 0.19.0-20-gbc5f0c6 (webtiles) character file.

70 nikopol the Covered (level 4, -2/29 HPs)
             Began as a Gargoyle Fighter on Nov 17, 2016.
             Killed by nerve-wracking pain
             ... invoked by Grinder
              (7 damage)
             ... on level 3 of the Dungeon.
             The game lasted 00:05:08 (1676 turns).

nikopol the Covered (Gargoyle Fighter)              Turns: 1676, Time: 00:05:08

Health: -2/29      AC: 11    Str: 25    XL:     4   Next: 21%
Magic:  4/4        EV:  7    Int:  9    God:
Gold:   50         SH:  9    Dex:  9    Spells: 0 memorised, 3 levels left

rFire  . . .     SeeInvis .     a - +0 war axe
rCold  . . .     Gourm    .     b - +0 scale mail
rNeg   + . .     Faith    .     c - +0 shield
rPois  ∞         Spirit   .     (no helmet)
rElec  +         Reflect  .     (no cloak)
rCorr  .         Harm     .     (no gloves)
MR     .....                    j - +0 pair of boots
Stlth  ..........               (no amulet)
                                (no ring)
                                (no ring)

@: mighty
A: negative energy resistance 1, electricity resistance, unbreathing,
petrification resistance, rot immunity, AC +3
a: no special abilities


You were on level 3 of the Dungeon.
You were not hungry.

You visited 1 branch of the dungeon, and saw 3 of its levels.

You collected 50 gold pieces.

Inventory:

Hand Weapons
 a - a +0 war axe (weapon)
Armour
 b - a +0 scale mail (worn)
 c - a +0 shield (worn)
 j - a +0 pair of boots (worn)
 o - a cursed +0 ring mail
Jewellery
 n - a cursed ring of positive energy {unknown}
Scrolls
 h - 2 scrolls of identify {unknown}
 i - 3 scrolls of remove curse {unknown}
 k - a scroll of enchant weapon {unknown}
 m - a scroll of fog {unknown}
 q - a scroll of teleportation {unknown}
 w - a scroll of enchant armour {unknown}
Potions
 e - a potion of agility {unknown}
 l - a potion of mutation {unknown}
 r - 2 potions of brilliance {unknown}
 t - a potion of curing
 u - a potion of heal wounds {unknown}
 v - 2 potions of flight {unknown}
Comestibles
 f - 2 bread rations
 g - 2 meat rations
 p - 3 chunks of flesh
 s - a beef jerky


   Skills:
 + Level 3.8 Fighting
 + Level 2.7 Axes
 + Level 3.8 Armour
 + Level 3.8 Shields


You had 3 spell levels left.
You didn't know any spells.

Dungeon Overview and Level Annotations

Branches:
Dungeon (3/15)

Altars:
Cheibriados
Fedhas
Qazlal

Annotations:
D:3 Grinder


Innate Abilities, Weirdness & Mutations

You are resistant to torment.
Your stone body is resilient. (AC +3)
You are immune to poison.
You resist negative energy. (rN+)
You are resistant to electric shocks. (rElec)
You can survive without breathing.
You are immune to petrification.
You are immune to rotting.


Message History

You slash Grinder!
Grinder is almost dead.
Grinder blinks!
Grinder grins, showing sharp teeth.
Grinder gestures at you. Pain shoots through your body!
* * * LOW HITPOINT WARNING * * *
Grinder gestures at you.
You suddenly lose the ability to move!
You can move again.
Unknown command.
Grinder gestures at you.
You shrug off the repeated paralysis!
Grinder gestures at you. You resist with significant effort.
You block Grinder's attack.
You feel very mighty all of a sudden. Grinder gestures at you.
Pain shoots through your body!
You die...

....#..#.#....... #...
#...##..........# .....
....# ...#.#.##.##.#.##
#.#.###..#.#.##.#......
#........#............
###.####.#.#.##.#..##
..........)....)....##..
....##.#.†#.##.#.......
####+##.#.......@5......
........#..#.##.#...##..
......###..#.##.#.......
......# #..#.##.#.......
#....## #...............
...).# ##.#.##.##......
#...## #$.. ... ..##..
#(..#### .. #.# ... ..
.........


You could see Grinder.

Vanquished Creatures
  3 dart slugs
  3 leopard geckos
  5 orcs (D:3)
  9 bats
  A giant cockroach (D:1)
  5 goblins
  5 hobgoblins
  8 kobolds
  A quokka (D:3)
  A ball python (D:1)
  2 frilled lizards (D:1)
  7 rats
50 creatures vanquished.

Notes
Turn   | Place    | Note
-------+----------+-------------------------------------------
     0 | D:1      | nikopol the Gargoyle Fighter began the quest for the Orb.
     0 | D:1      | Reached XP level 1. HP: 14/14 MP: 1/1
   167 | D:1      | Reached XP level 2. HP: 13/19 MP: 2/2
   632 | D:1      | Reached XP level 3. HP: 23/23 MP: 3/3
   769 | D:2      | Found a stormy altar of Qazlal.
   942 | D:2      | Found a faded altar of an unknown god.
   971 | D:2      | Found a blossoming altar of Fedhas.
  1001 | D:2      | Found a snail-covered altar of Cheibriados.
  1605 | D:3      | Reached XP level 4. HP: 29/29 MP: 4/4
  1640 | D:3      | Noticed Grinder
  1670 | D:3      | Paralysed by Grinder for 3 turns
  1676 | D:3      | Killed from afar by Grinder

Skill      XL: |  1 |
---------------+----+-----
Axes           | 2 |  2.7
Fighting       | |  3.8
Armour         | |  3.8
Shields        | |  3.8

Action                   |  1- 3 |  4- 6 || total
-------------------------+-------+-------++-------
Melee: War axe           |   137 |    38 ||   175
  Use: Potion            |       |     1 ||     1
  Eat: Chunk             |     3 |       ||     3
Armor: Scale mail        |    92 |    18 ||   110
Dodge: Dodged            |    44 |     4 ||    48
Block: Shield            |    96 |    11 ||   107
